 Dungeon Crawl Stone Soup version 0.30-a0-715-gdb4ae3ece1 (webtiles) character file.

Game seed: 5817967978537399170

9171 pokeman the Thaumaturge (level 11, -9/60 HPs)
             Began as a Deep Elf Hedge Wizard on Jan 24, 2023.
             Was a Priest of Vehumet.
             Mangled by a cane toad (18 damage)
             ... on level 1 of the Lair of Beasts.
             The game lasted 00:30:48 (10569 turns).

pokeman the Thaumaturge (Deep Elf Hedge Wizard)    Turns: 10569, Time: 00:30:48

Health: -9/60      AC: 13    Str:  7    XL:     11   Next: 19%
Magic:  37/40      EV: 13    Int: 24    God:    Vehumet [***...]
Gold:   684        SH:  5    Dex: 20    Spells: 27/39 levels left

rFire   + . .      SeeInvis .    U - +9 short sword of Beyond {venom, rPois rF+ rC+}
rCold   + . .      Faith    .    (no shield)
rNeg    . . .      Spirit   .    M - +2 steam dragon scales
rPois   +          Reflect  +    c - +0 helmet
rElec   .          Harm     .    N - +2 cloak
rCorr   .          Rampage  .    (no gloves)
Will    +....                    L - +0 pair of boots
Stlth   +++                      F - amulet of reflection
HPRegen 0.30/turn                n - ring of magical power
MPRegen 0.27/turn                s - +6 ring of dexterity

@: on blink cooldown, slowed, very slow
A: no striking features
a: Renounce Religion


You were on level 1 of the Lair of Beasts.
You worshipped Vehumet.
Vehumet was most pleased with you.
You visited 3 branches of the dungeon, and saw 13 of its levels.
You also visited: Sewer.

You collected 684 gold pieces.

Inventory:

Hand Weapons
 g - a +0 longbow
 C - a +3 dagger of chaos
 U - the +9 short sword of Beyond (weapon) {venom, rPois rF+ rC+}
   (You found it on level 8 of the Dungeon)

   rF:        It protects you from fire.
   rC:        It protects you from cold.
   rPois:     It protects you from poison.
 Y - the +4 spear "Eryin" {venom, MP+9 Int+4}
   (You took it off a gnoll sergeant on level 9 of the Dungeon)

   Int:       It affects your intelligence (+4).
   MP:        It affects your magic capacity (+9).
Armour
 c - a +0 helmet (worn)
 L - a +0 pair of boots (worn)
 M - +2 steam dragon scales (worn)
 N - a +2 cloak (worn)
 S - a +0 buckler
 V - a +2 robe of resistance
 W - +0 acid dragon scales
Jewellery
 k - an amulet of the acrobat
 n - a ring of magical power (left hand)
 s - a +6 ring of dexterity (right hand)
 F - an amulet of reflection (around neck)
 J - a ring of positive energy
 P - a ring of magical power
 R - a ring of flight
Wands
 a - a wand of mindburst (1)
 O - a wand of iceblast (4)
 X - a wand of flame (9)
 Z - a wand of quicksilver (7)
Scrolls
 h - 2 scrolls of poison {unknown}
 i - 3 scrolls of teleportation {unknown}
 j - 3 scrolls of immolation {unknown}
 o - 4 scrolls of amnesia {unknown}
 q - 5 scrolls of enchant weapon {unknown}
 t - a scroll of blinking {unknown}
 u - a scroll of enchant armour {unknown}
 x - 3 scrolls of fog {unknown}
 y - a scroll of torment {unknown}
 A - 5 scrolls of identify {unknown}
 D - a scroll of magic mapping {unknown}
 G - 3 scrolls of vulnerability {unknown}
 I - 3 scrolls of silence {unknown}
 K - a scroll of noise {unknown}
 Q - a scroll of brand weapon {unknown}
Potions
 b - a potion of haste {unknown}
 d - 2 potions of magic
 e - 2 potions of heal wounds
 f - 3 potions of might {unknown}
 l - a potion of resistance {unknown}
 m - 2 potions of brilliance {unknown}
 p - 2 potions of degeneration {unknown}
 r - 2 potions of attraction {unknown}
 v - 6 potions of curing
 w - 3 potions of flight
 z - 2 potions of invisibility {unknown}
 B - a potion of berserk rage {unknown}
 E - 2 potions of mutation {unknown}
 H - 2 potions of lignification {unknown}
 T - 2 potions of cancellation {unknown}


   Skills:
 - Level 3.0 Fighting
 + Level 3.2 Armour
 - Level 3.1 Dodging
 - Level 3.0 Stealth
 - Level 4.0 Shields
 * Level 14.8 Spellcasting
 + Level 8.5 Conjurations
 + Level 8.1 Summonings
 - Level 1.1 Translocations
 - Level 1.0 Air Magic
 - Level 1.0 Poison Magic
 - Level 2.0 Evocations


You had 27 spell levels left.
You knew the following spells:

 Your Spells              Type           Power      Damage    Failure   Level
a - Magic Dart            Conj           100%       1d8       1%          1
b - Mephitic Cloud        Conj/Pois/Air  34%        N/A       1%          3
c - Call Imp              Summ           54%        N/A       1%          2
d - Blink                 Tloc           46%        N/A       3%          2
e - Dispel Undead         Necr           17%        3d10      32%         4

Your spell library contained the following spells:

 Spells                   Type           Power      Damage    Failure   Level
 Inner Flame              Hex/Fire       17%        N/A       2%          3
 Kiss of Death            Conj/Necr      100%       2d13      1%          1
 Slow                     Hex            68%        N/A       3%          1
 Cigotuvi's Dreadful Rot  Necr/Pois/Air  42%        N/A       3%          2
 Arcjolt                  Conj/Air       20%        1d30      3%          5
 Vhi's Electric Charge    Tloc/Air       44%        N/A       6%          3
 Confusing Touch          Hex            17%        N/A       10%         3
 Ozocubu's Armour         Ice            17%        N/A       10%         3
 Manifold Assault         Tloc           23%        N/A       21%         4
 Petrify                  Tmut/Erth      17%        N/A       32%         4
 Metabolic Englaciation   Hex/Ice        8%         N/A       65%         5
 Dispersal                Tloc           11%        N/A       97%         6
 Statue Form              Tmut/Erth      11%        N/A       99%         6
 Ozocubu's Refrigeration  Ice            8%         4d9       99%         7
 Disjunction              Tloc           11%        N/A       100%        8
 Maxwell's Capacitive Co  Air            11%        ∞         100%        8


Dungeon Overview and Level Annotations

Branches:
Dungeon (11/15)            Temple (1/1) D:6            Lair (1/5) D:9
    Orc (0/2) D:10          Sewer (visited)

Altars:
Ashenzari
Cheibriados
Dithmenos
Elyvilon
Fedhas
Gozag
Hepliaklqana
Kikubaaqudgha
Makhleb
Nemelex Xobeh
Okawaru
Qazlal
Ru
Sif Muna
Trog
Uskayaw
Vehumet
Wu Jian
Xom
Yredelemnul
Zin
The Shining One
Jiyva

Annotations:
D:7 2 transporters, octoduck's ghost, novice OpTm
D:11 3 runed translucent doors, KarmaKiller's ghost, journeyman GrBe


Message History

You puncture the water moccasin!
You kill the water moccasin!
Vehumet accepts your kill.
You feel your power returning.
A torpor snail comes into view.
Being near the torpor snail leaves you feeling lethargic.
You feel yourself speed up. The yak barely misses you.
Your crimson imp blinks!
Being near the torpor snail leaves you feeling lethargic.
You feel yourself speed up.
The yak gores the cane toad!
Being near the torpor snail leaves you feeling lethargic.
You feel yourself speed up.
Something completely misses your crimson imp.
The cane toad stings you.
Being near the torpor snail leaves you feeling lethargic.
There is an open door here.
Casting: Call Imp (safe; 1% risk of failure)
Confirm with . or Enter, or press ? or * to list all spells.
A shadowy apparition takes form in the air.
Your crimson imp disappears in a puff of smoke!
You block the cane toad's attack. x2; The yak gores the cane toad.
You hit the cane toad.
The cane toad is poisoned.
The cane toad is heavily wounded.
The yak seems less confused.
The cane toad stings you! The yak barely misses you.
A yak comes into view.
The cane toad stings you!
You hit the cane toad.
The cane toad is severely wounded.
The cane toad stings you!
* * * LOW HITPOINT WARNING * * *
The yak gores you but does no damage.
Your shadow imp hits the yak.
You block the cane toad's attack. The yak closely misses you.
Unknown command.
Casting: Call Imp (safe; 1% risk of failure)
Confirm with . or Enter, or press ? or * to list all spells.
You blink.
The cane toad stings you!!
You die...

........##....
..............
###..........
#....#.......
#.....##....
###.P########.
### ###...##
##.
###.##.##.#.#
#..
#....@##..###
##..
#...#.#†#F#.##
##..#
...#..Yw..Y§..#
#...# .
+...⌠..5#.##
##.##
##........#
#.##
#...###..##
##..# ##.. ..##
#.### ##. #.##
##.# ## ##
##.##


You could see a torpor snail, 2 yaks, a cane toad (very poisoned) and a friendly
shadow imp (summoned, slow).

Vanquished Creatures
  A two-headed ogre (D:10)
  Psyche (D:9)
  Maggie (D:6)
  A komodo dragon (Lair:1)
  5 blink frogs (Lair:1)
  2 hornets (D:9)
  4 yaks (D:10)
  2 basilisks
  An acid dragon (D:9)
  5 water moccasins
  6 orc warriors
  A sky beast (D:7)
  6 black bears
  An ogre (D:7)
  4 centaurs
  2 kobold brigands
  3 necrophages
  4 scorpions
  6 bullfrogs
  A gnoll sergeant (D:9)
  13 wights
  6 killer bees (D:9)
  7 howler monkeys
  3 crimson imps (D:4)
  3 hounds
  3 jellies
  9 orc priests
  4 iguanas
  Terence (D:2)
  12 orc wizards
  2 adders (D:6)
  A shadow imp (D:8)
  5 ufetubi
  2 dart slugs
  41 orcs
  6 ball pythons
  5 endoplasms
  8 giant cockroaches
  10 goblins
  9 hobgoblins
  2 jackals (Sewer)
  7 quokkas
  4 bats
  2 frilled lizards
  13 kobolds
  12 rats
247 creatures vanquished.

Vanquished Creatures (others)
  3 plants (Lair:1)
3 creatures vanquished.

Grand Total: 250 creatures vanquished

Notes
Turn   | Place    | Note
-------+----------+-------------------------------------------
     0 | D:1      | pokeman the Deep Elf Hedge Wizard began the quest for the
                  | Orb.
     0 | D:1      | Reached XP level 1. HP: 10/10 MP: 7/7
   247 | D:1      | Reached XP level 2. HP: 15/15 MP: 9/9
   606 | D:1      | Reached skill level 5 in Spellcasting
   802 | D:2      | Noticed Terence
   880 | D:2      | Reached XP level 3. HP: 20/20 MP: 11/11
   884 | D:2      | Learned a level 3 spell: Mephitic Cloud
   887 | D:2      | Learned a level 2 spell: Call Imp
   890 | D:2      | Learned a level 2 spell: Blink
  1025 | D:2      | Found a glowing golden altar of the Shining One.
  1063 | D:2      | Found a faded altar of an unknown god.
  1126 | D:2      | Reached skill level 1 in Armour
  1558 | D:2      | Killed Terence
  1559 | D:2      | Reached skill level 1 in Fighting
  1559 | D:2      | Reached XP level 4. HP: 25/25 MP: 13/13
  1716 | D:3      | Noticed a black bear
  1721 | D:3      | Killed a black bear
  1722 | D:3      | Reached skill level 6 in Spellcasting
  1722 | D:3      | Reached XP level 5. HP: 19/29 MP: 15/15
  1833 | D:3      | Found a glowing drain.
  1842 | Sewer    | Entered a sewer
  1926 | Sewer    | Reached skill level 1 in Air Magic
  1926 | Sewer    | Reached skill level 1 in Poison Magic
  1999 | Sewer    | Found a white marble altar of Elyvilon.
  2217 | D:3      | Reached XP level 6. HP: 34/34 MP: 17/17
  2582 | D:4      | Reached skill level 7 in Spellcasting
  3022 | D:4      | Found a shimmering altar of Xom.
  3026 | D:4      | Reached XP level 7. HP: 39/39 MP: 20/20
  3574 | D:5      | Entered Level 5 of the Dungeon
  3714 | D:5      | Reached skill level 8 in Spellcasting
  4484 | D:6      | Reached XP level 8. HP: 44/44 MP: 22/22
  4528 | D:6      | Reached skill level 9 in Spellcasting
  4868 | D:6      | Found a hide-covered altar of Uskayaw.
  4980 | D:6      | Found a staircase to the Ecumenical Temple.
  4986 | Temple   | Entered the Ecumenical Temple
  4986 | Temple   | Found a transporter.
  4986 | Temple   | Found a transporter.
  4988 | Temple   | Found a transporter.
  4988 | Temple   | Found a transporter.
  5022 | Temple   | Became a worshipper of Vehumet
  5247 | D:7      | Reached skill level 5 in Conjurations
  5354 | D:6      | Noticed Maggie
  5388 | D:6      | Killed Maggie
  5389 | D:6      | Reached skill level 10 in Spellcasting
  5565 | D:7      | Reached skill level 5 in Summonings
  5565 | D:7      | Reached XP level 9. HP: 38/49 MP: 25/25
  5732 | D:7      | Found a stormy altar of Qazlal.
  5871 | D:7      | Found a transporter.
  5889 | D:7      | Reached skill level 11 in Spellcasting
  5891 | D:7      | Noticed octoduck's ghost (novice OpTm)
  5949 | D:7      | Found a transporter.
  5980 | D:7      | Noticed a cyclops
  6313 | D:8      | Reached skill level 1 in Evocations
  6380 | D:8      | Found a bloodstained altar of Trog.
  6400 | D:8      | Reached * piety under Vehumet
  6400 | D:8      | Offered knowledge of Shock by Vehumet.
  6634 | D:8      | Found a glowing golden altar of the Shining One.
  6972 | D:8      | Identified the +9 short sword of Beyond {venom, rPois rF+
                  | rC+}
  7169 | D:8      | Reached skill level 1 in Shields
  7204 | D:8      | Reached skill level 12 in Spellcasting
  7480 | D:9      | Reached XP level 10. HP: 35/56 MP: 28/28
  7709 | D:9      | Noticed Psyche
  7722 | D:9      | Killed Psyche
  7902 | D:9      | Reached skill level 13 in Spellcasting
  8095 | D:9      | Found a staircase to the Lair.
  8105 | D:9      | Identified the +10 dagger of the Common Good {vamp, Int+3}
  8188 | D:9      | Reached ** piety under Vehumet
  8188 | D:9      | Offered knowledge of Poisonous Vapours by Vehumet.
  8335 | D:9      | Identified the +4 spear "Eryin" {venom, MP+9 Int+4}
  8383 | D:9      | Found an ancient bone altar of Kikubaaqudgha.
  9063 | D:10     | Entered Level 10 of the Dungeon
  9076 | D:10     | Noticed a two-headed ogre
  9085 | D:10     | Killed a two-headed ogre
  9133 | D:10     | Reached skill level 14 in Spellcasting
  9209 | D:10     | Found a staircase to the Orcish Mines.
  9252 | D:10     | Offered knowledge of Inner Flame by Vehumet.
  9389 | D:10     | Found a blossoming altar of Fedhas.
  9632 | D:10     | Noticed a gargoyle
  9879 | D:11     | Found a runed translucent gate.
  9879 | D:11     | Found a runed translucent gate.
  9879 | D:11     | Noticed KarmaKiller's ghost (journeyman GrBe)
  9880 | D:11     | Found a runed translucent gate.
  9880 | D:11     | Noticed a glowing orange brain
  9883 | D:11     | Found a viscous altar of Jiyva.
 10000 | D:11     | Noticed a skeletal warrior
 10000 | D:11     | Noticed a skeletal warrior
 10000 | D:11     | Noticed a skeletal warrior
 10058 | D:10     | Learned a level 4 spell: Dispel Undead
 10095 | Lair:1   | Entered Level 1 of the Lair of Beasts
 10206 | Lair:1   | Reached *** piety under Vehumet
 10276 | Lair:1   | Reached XP level 11. HP: 55/60 MP: 31/31
 10569 | Lair:1   | Mangled by a cane toad

Illustrated notes

Levels and vault maps discovered:
D:1:      sevenhm_arrival_forest_fort_large_4, layout_rooms
D:2:      layout_rooms, hellmonk_ecumenical_altar_crossroads, basic_altar,
          uniq_terence
D:3:      layout_loops_ring, gup_sewer_entry_pipe
D:4:      layout_basic, led_xom_imps, roderic_serpentine_path
D:5:      layout_loops_cross
D:6:      nicolae_cairo_tiling_large_dashed, layout_basic,
          amcnicky_altar_gilded, minmay_temple_entry_enclosed_plants,
          uniq_maggie
D:7:      layout_rooms, nicolae_overflow_crystal_walls, nzn_ghost_randoct,
          chequers_serial_rivers_marsh
D:8:      black_bear_nest_2, layout_gridville, kennysheep_little_box,
          mainiacjoe_overflow_small_starburst, nicolae_sextant
D:9:      kennysheep_blocky_hall, layout_stronghold, mainiacjoe_overflow_paths,
          lair_entry_dummy, uniq_psyche
D:10:     layout_basic, fedhas_bush_and_centaur_altar, david_orc_2,
          serial_bayou_pond_d
D:11:     layout_stronghold, gammafunk_ghost_ooze, serial_shops, shop
Temple:   hellmonk_temple_divided_pantheon
Lair:1:   layout_cave_pods, grunt_megastairs_1

Skill      XL: |  1  2  3  4  5  6  7  8  9 10 11 |
---------------+----------------------------------+-----
Spellcasting   | 5 6 7 8 10 12 14 | 14.8
Armour         | 1 2 3 |  3.2
Fighting       | 1 2 3 |  3.0
Conjurations   | 2 3 4 5 6 8 |  8.5
Dodging        | 3 |  3.1
Stealth        | 3 |  3.0
Air Magic      | 1 |  1.0
Poison Magic   | 1 |  1.0
Summonings     | 2 3 5 6 7 8 |  8.1
Evocations     | 2 |  2.0
Shields        | 1 3 4 |  4.0
Translocations | |  1.1

Action                     |  1- 3 |  4- 6 |  7- 9 | 10-12 || total
---------------------------+-------+-------+-------+-------++-------
  Melee: Short sword       |       |       |    31 |   184 ||   215
         Punch             |       |       |       |     3 ||     3
   Fire: Longbow           |    30 |    69 |   190 |       ||   289
   Cast: Magic Dart        |    58 |    43 |   152 |    61 ||   314
         Mephitic Cloud    |     1 |     4 |    30 |    34 ||    69
         Blink             |       |     1 |     2 |     2 ||     5
         Call Imp          |       |       |     1 |     9 ||    10
  Evoke: Wand              |       |       |       |     6 ||     6
   Stab: Confused          |       |       |     6 |    24 ||    30
         Distracted        |       |       |       |     1 ||     1
 Armour: Robe              |     6 |     4 |       |       ||    10
         Steam dragon scal |       |       |    30 |    40 ||    70
  Dodge: Dodged            |    22 |    33 |   101 |    73 ||   229
  Block: Other             |       |       |    41 |    33 ||    74
         Reflection        |       |       |     1 |     2 ||     3

Table legend: (Time is in decaauts)
 A = Elapsed time spent in this place.
 B = Non-inter-level travel time spent in this place.
 C = Inter-level travel time spent in this place.
 D = Time resting spent in this place.
 E = Time spent auto-exploring this place.
 F = Levels seen in this place.
 G = Mean time per level.
                   A        B        C        D        E       F      G
               +--------+--------+--------+--------+--------+-----+--------+
         Total |  10805 |  10438 |    367 |    264 |   8062 |  14 |  771.8 |
       Dungeon |  10039 |   9672 |    367 |    264 |   7532 |  11 |  912.6 |
        Temple |     59 |     59 |      0 |      0 |      0 |   1 |   59.0 |
          Lair |    476 |    476 |      0 |      0 |    349 |   1 |  476.0 |
         Sewer |    229 |    229 |      0 |      0 |    181 |   1 |  229.0 |
               +--------+--------+--------+--------+--------+-----+--------+

Top non-repeatable levels by time:
     D:9: 1736 daAuts
     D:8: 1295 daAuts
     D:6: 1100 daAuts
     D:4: 1050 daAuts
     D:2: 833 daAuts
     D:1: 798 daAuts
    D:10: 790 daAuts
     D:3: 765 daAuts
     D:5: 740 daAuts
     D:7: 715 daAuts
  Lair:1: 476 daAuts
   Sewer: 229 daAuts
    D:11: 214 daAuts
  Temple: 59 daAuts
